Map: [ESL] Stargazers

Players

DisK

  • Race: Protoss Protoss
  • Spawn Location: 11:00

Astrea - Winner!

  • Race: Protoss Protoss
  • Spawn Location: 1:00

Event: DreamHack SC2 Masters 2022 Atlanta (Online)

VOD

Have the link to the VOD?

Description

Time

  • Played on: Oct. 7, 2022, 5:06 p.m.
  • Length: 9:41

All games in this series

Show
View Real Time Build Order
Export as new Build Order

DisK Protoss 

Build Orders: Phoenix Opening 

Get SALT Encoding   

  12  0:00  Probe  
  13  0:12  Probe  
  14  0:17  Pylon  
  14  0:24  Probe  
  15  0:35  Gateway  
  15  0:37  Probe (Chrono Boost)  
  16  0:46  Probe (Chrono Boost), Assimilator  
  17  0:51  Probe  
  18  0:57  Assimilator  
  18  1:03  Probe (Chrono Boost)  
  19  1:08  Gateway  
  19  1:13  Probe (Chrono Boost)  
  20  1:18  Probe (Chrono Boost)  
  20  1:24  Cybernetics Core  
  21  1:29  Probe  
  22  1:35  Pylon  
  22  1:41  Probe  
  23  1:54  Probe  
  24  1:58  Warp Gate (Chrono Boost)  
  24  2:00  Stalker x2  
  28  2:06  Probe  
  29  2:18  Probe  
  29  2:19  Pylon  
  30  2:24  Shield Battery  
  30  2:33  Probe  
  31  2:38  Sentry x2  
  35  2:59  Nexus  
  35  3:01  Shield Battery  
  35  3:10  Shield Battery  
  35  3:11  Sentry  
  35  3:12  Phoenix  
  37  3:19  Probe (Chrono Boost)  
  38  3:23  Pylon  
  38  3:29  Twilight Council, Probe (Chrono Boost)  
  39  3:41  Probe  
  40  3:53  Probe  
  41  3:57  Pylon  
  41  4:01  Blink (Chrono Boost), Stalker  
  43  4:05  Probe  
  43  4:07  Stalker  
  46  4:11  Probe  
  47  4:20  Probe (Chrono Boost)  
  47  4:23  Probe (Chrono Boost)  
  50  4:33  Probe (Chrono Boost)  
  50  4:34  Probe (Chrono Boost)  
  51  4:38  Probe  
  51  4:40  Gateway x2  
  51  4:41  Stalker  
  54  4:48  Stalker  
  54  4:52  Probe x2  
  58  4:56  Shield Battery  
  58  5:05  Gateway  
  58  5:07  Stalker  
  60  5:17  Stalker  
  60  5:19  Probe, Pylon  
  58  5:38  Stalker x3  
  54  5:50  Stalker  
  55  6:01  Pylon  
  55  6:02  Pylon x2  
  53  6:21  Sentry  
  55  6:28  Stalker x3  
  61  6:45  Gateway  
  61  6:54  Stalker  
  61  6:55  Stalker x2  
  65  7:24  Nexus  
  65  7:25  Pylon  
  65  7:30  Stalker  
  65  7:32  Stalker x2  
  71  7:41  Pylon  
  71  7:45  Sentry  
  71  7:46  Shield Battery  
  73  7:53  Pylon  
  73  8:06  Stalker x2  
  77  8:14  Shield Battery  
  73  8:45  Probe x2  
  75  8:49  Stalker x2  
  75  8:53  Robotics Facility  
  77  9:02  Assimilator  
  77  9:03  Assimilator  
  77  9:06  Forge  
  77  9:08  Probe  
  78  9:10  Probe  
  77  9:21  Sentry x2  
  77  9:24  Gateway  
Show
View Real Time Build Order
Export as new Build Order

Astrea Protoss - Winner!

Build Orders: Phoenix Opening 

Get SALT Encoding   

  12  0:00  Probe  
  13  0:12  Probe  
  14  0:17  Pylon  
  14  0:24  Probe (Chrono Boost)  
  16  0:36  Probe (Chrono Boost)  
  16  0:37  Gateway  
  16  0:43  Probe (Chrono Boost)  
  16  0:45  Assimilator  
  17  0:51  Probe  
  18  0:57  Assimilator  
  18  1:03  Probe (Chrono Boost)  
  19  1:07  Pylon  
  19  1:12  Probe (Chrono Boost)  
  19  1:17  Probe (Chrono Boost)  
  20  1:25  Cybernetics Core  
  21  1:29  Probe  
  24  1:41  Probe  
  25  1:53  Probe  
  24  2:01  Warp Gate  
  24  2:02  Sentry  
  24  2:05  Probe  
  27  2:09  Nexus  
  27  2:18  Probe  
  27  2:19  Pylon  
  30  2:30  Probe  
  30  2:35  Phoenix  
  31  2:39  Robotics Facility  
  31  2:41  Stalker  
  31  2:42  Probe  
  31  2:54  Probe  
  31  2:56  Shield Battery  
  32  3:06  Probe  
  32  3:12  Sentry  
  35  3:18  Probe  
  36  3:22  Probe  
  36  3:25  Immortal (Chrono Boost)  
  38  3:30  Probe  
  42  3:34  Probe  
  42  3:37  Pylon  
  43  3:42  Probe  
  43  3:46  Probe  
  45  3:51  Sentry  
  45  3:54  Warp Prism (Chrono Boost)  
  49  4:00  Pylon  
  51  4:03  Gateway  
  51  4:05  Gateway  
  51  4:08  Gateway  
  49  4:14  Gateway  
  49  4:19  Observer (Chrono Boost)  
  49  4:20  Gateway  
  50  4:27  Warp Prism  
  50  4:29  Gateway  
  50  4:33  Pylon  
  50  4:38  Sentry  
  52  4:41  Pylon  
  52  4:42  Probe x2  
  54  4:57  Probe  
  55  5:01  Stalker x3  
  55  5:05  Sentry  
  63  5:15  Probe x2  
  63  5:16  Pylon  
  63  5:20  Stalker x2  
  69  5:25  Stalker  
  69  5:26  Zealot x3  
  77  5:34  Observer  
  77  5:35  Zealot  
  73  5:43  Probe x2  
  73  5:44  Assimilator  
  73  5:47  Zealot x4  
  81  5:50  Sentry  
  81  5:54  Stalker  
  85  5:57  Stalker  
  85  6:04  Pylon  
  87  6:08  Observer  
  87  6:11  Stalker  
  89  6:14  Probe x2  
  89  6:17  Assimilator  
  89  6:18  Pylon  
  91  6:19  Stalker  
  91  6:25  Zealot, Stalker  
  97  6:45  Twilight Council  
  97  6:46  Stalker x2  
  98  7:10  Stalker x2  
  98  7:11  Stalker x4  
  98  7:15  Pylon  
  110  7:16  Pylon  
  110  7:19  Blink (Chrono Boost)  
  110  7:29  Pylon  
  110  7:34  Probe  
  111  7:37  Nexus  
  111  7:45  Probe  
  111  7:46  Probe  
  111  7:50  Dark Shrine  
  113  7:56  Pylon  
  111  8:06  Probe x2  
  113  8:18  Probe  
  114  8:20  Probe  
  114  8:22  Pylon  
  115  8:29  Stalker x3  
  115  8:30  Probe, Stalker  
  115  8:32  Probe, Stalker x2  
  127  8:42  Probe  
  127  8:44  Probe  
  127  8:48  Stalker  
  131  8:55  Probe  
  132  8:56  Probe x2  
  134  9:07  Probe  
  134  9:08  Probe x2  
  137  9:19  Probe, Pylon  
  137  9:20  Probe x2  
  137  9:21  Dark Templar x5  
  137  9:22  Assimilator  
  150  9:28  Assimilator  
Tags
 
Add a new tag
Caveats
  • Supply blocks, unpowered buildings, or Contaminate may cause inaccurate times.
  • Supply counts are checked every 10 seconds.